 Dungeon Crawl Stone Soup version 0.27.0-1-g7a089689b8 (webtiles) character file.

Game seed: 15006771572980724195

6742 mandarbmax the Blocker (level 11, -2/75 HPs)
             Began as a Formicid Fighter on Aug 1, 2021.
             Was a Follower of Ru.
             Slain by a gnoll sergeant (7 damage)
             ... on level 9 of the Dungeon.
             The game lasted 00:18:10 (9861 turns).

mandarbmax the Blocker (Formicid Fighter)           Turns: 9861, Time: 00:18:11

Health: -2/75      AC: 17    Str: 25    XL:     11   Next: 24%
Magic:  11/11      EV:  7    Int:  7    God:    Ru [*.....]
Gold:   631        SH: 13    Dex: 10    Spells: 10/10 levels left

rFire    . . .     SeeInvis +   a - +0 quarterstaff
rCold    . . .     Faith    .   c - +0 kite shield
rNeg     . . .     Spirit   .   H - +0 plate armour
rPois    .         Reflect  .   (helmet unavailable)
rElec    .         Harm     +   r - scarf {harm}
rCorr    +         Rampage  .   (no gloves)
Will     +....                  (no boots)
Stlth    ..........             (no amulet)
HPRegen  0.22/turn              q - ring of resist corrosion
MPRegen  0.12/turn              e - +4 ring of protection

@: very slightly contaminated, invisible
A: permanent stasis, dig shafts and tunnels, antennae 3, cowardly, four strong
arms
a: Dig, Shaft Self, Renounce Religion


You were on level 9 of the Dungeon.
You worshipped Ru.
Ru was aware of your devotion.
You visited 2 branches of the dungeon, and saw 10 of its levels.
You also visited: Ossuary.

You collected 631 gold pieces.

Inventory:

Hand Weapons
 a - a +0 quarterstaff (weapon)
Missiles
 b - 49 bolts
 s - 4 poisoned darts
 t - 8 boomerangs
Armour
 c - a +0 kite shield (worn)
 o - a +0 cloak
 r - a scarf of harm (worn)
 H - a +0 plate armour (worn)
Jewellery
 e - a +4 ring of protection (right hand)
 g - a ring of magical power
 q - a ring of resist corrosion (left hand)
 C - a ring of poison resistance
Wands
 u - a wand of paralysis (6)
 D - a wand of digging (4)
 G - a wand of charming (4)
 I - a wand of acid (1) (quivered)
 J - a wand of polymorph (7)
Scrolls
 h - a scroll of enchant armour {unknown}
 i - a scroll of vulnerability
 n - a scroll of silence {unknown}
 v - 2 scrolls of immolation
 w - a scroll of fear
 y - a scroll of magic mapping {unknown}
 B - a scroll of enchant weapon {unknown}
 E - a scroll of fog {unknown}
 F - a scroll of summoning {unknown}
Potions
 j - a potion of brilliance
 k - a potion of attraction
 l - 3 potions of flight
 m - 2 potions of mutation
 p - 4 potions of resistance
 z - a potion of magic


   Skills:
 + Level 3.2 Fighting
 + Level 10.9 Staves
 + Level 7.6 Armour
 + Level 12.9 Shields


You had 10 spell levels left.
You didn't know any spells.
Your spell library contained the following spells:

 Spells                   Type           Power      Damage    Failure   Level
 Shock                    Conj/Air       0%         1d3       99%         1
 Gell's Gravitas          Tloc           0%         N/A       100%        3
 Teleport Other           Tloc           0%         N/A       100%        3
 Airstrike                Air            0%         N/A       100%        4
 Blade Hands              Tmut           0%         N/A       100%        5
 Irradiate                Conj/Tmut      0%         3d13      100%        5
 Summon Forest            Summ/Tloc      0%         N/A       100%        5
 Summon Mana Viper        Hex/Summ       0%         N/A       100%        5
 Dispersal                Tloc           0%         N/A       100%        6
 Shadow Creatures         Summ           N/A        N/A       100%        6
 Dragon Form              Tmut           0%         N/A       100%        7
 Disjunction              Tloc           0%         N/A       100%        8
 Swiftness                Air            Unusable   N/A       N/A         3

Dungeon Overview and Level Annotations

Branches:
Dungeon (9/15)             Temple (1/1) D:7         Ossuary (visited)
   Lair: D:8-11         Orc: D:9-12

Altars:
Ashenzari
Dithmenos
Elyvilon
Fedhas
Gozag
Hepliaklqana
Kikubaaqudgha
Makhleb
Nemelex Xobeh
Okawaru
Qazlal
Ru
Sif Muna
Trog
Uskayaw
Vehumet
Wu Jian
Xom
Yredelemnul
Zin
The Shining One
Beogh

Annotations:
D:7 3 runed translucent doors, Spectrina's ghost, novice DEMo


Innate Abilities, Weirdness & Mutations

You cannot be hasted, slowed, berserked, paralysed or teleported.
You can dig through walls and to a lower floor.
You have a pair of large antennae on your head. (SInv)
Your cowardice makes you less effective in combat with threatening monsters.
Your four strong arms can wield two-handed weapons with a shield.


Message History

The gnoll sergeant hits you with a +2 vorpal spear.
* * * LOW HITPOINT WARNING * * *
x2 Unknown command.
The gnoll sergeant blocks your attack.
The gnoll sergeant is moderately wounded.
The gnoll sergeant hits you with a +2 vorpal spear.
* * * LOW HITPOINT WARNING * * *
x2 Unknown command.
You fade into invisibility!
You block the gnoll sergeant's attack.
You are very lightly contaminated with residual magic.
You hit the gnoll sergeant.
The gnoll sergeant is heavily wounded.
You block the gnoll sergeant's attack.
Unknown command.
You closely miss the gnoll sergeant.
The gnoll sergeant is heavily wounded.
The gnoll sergeant blocks your attack.
The gnoll sergeant is heavily wounded.
The gnoll sergeant barely misses you.
You hit the gnoll sergeant but do no damage.
The gnoll sergeant is heavily wounded.
You block the gnoll sergeant's attack.
You hit the gnoll sergeant but do no damage.
The gnoll sergeant is heavily wounded.
The gnoll sergeant is stunned by your conviction and fails to attack.
You hit the gnoll sergeant.
The gnoll sergeant is heavily wounded.
The gnoll sergeant barely misses you. The gnoll sergeant blocks your attack.
The gnoll sergeant is heavily wounded.
You hit the gnoll sergeant.
The gnoll sergeant is severely wounded.
The gnoll sergeant is stunned by your conviction and fails to attack.
The gnoll sergeant blocks your attack.
You strike the helpless gnoll sergeant from behind!
You hit the gnoll sergeant.
The gnoll sergeant is almost dead.
The gnoll sergeant hits you with a +2 vorpal spear.
You die...

#.........#
#....)?...#
#....<)...#
#.........#
#?........###
+...........##
#....(....##.##
#.........###.###
######+######{#@#
...###.#g##
########.##.####
#........{{##
#.........##
..........#
#.........#
#..$......#
#.........#


You could see a gnoll sergeant.

Vanquished Creatures
  2 two-headed ogres (D:8)
  A gargoyle (D:8)
  Psyche (D:8)
  A kobold demonologist (D:9)
  A troll (D:9)
  A hornet (D:7)
  Prince Ribbit (D:7)
  A shadow (D:6)
  A wyvern (D:7)
  6 yaks (D:8)
  A steam dragon (D:7)
  A water moccasin (D:6)
  4 orc warriors (D:8)
  An ice beast (D:5)
  3 black bears
  A sky beast (D:6)
  3 ogres
  4 centaurs
  An elf zombie (Ossuary)
  3 bullfrogs
  2 scorpions
  A wyvern skeleton (D:6)
  A centaur zombie (Ossuary)
  3 orc priests
  A centaur skeleton (D:6)
  3 hounds
  4 jellies
  A bullfrog skeleton (D:6)
  Jessica (D:2)
  An orc wizard (D:8)
  A scorpion zombie (D:5)
  A hound skeleton (D:4)
  2 mummies (Ossuary)
  2 howler monkey zombies
  4 gnolls
  A howler monkey skeleton (D:7)
  7 adders
  2 shadow imps
  2 white imps
  2 adder zombies (Ossuary)
  3 dart slugs
  29 orcs
  4 bats
  5 endoplasms
  2 giant cockroaches
  3 goblins
  9 hobgoblins
  7 jackals (D:1)
  2 quokkas
  6 ball pythons
  8 frilled lizards
  2 goblin zombies (Ossuary)
  10 hobgoblin zombies (Ossuary)
  A jackal zombie (Ossuary)
  4 kobolds
  6 kobold zombies (Ossuary)
  13 orc zombies (Ossuary)
  10 rats
  A rat zombie (Ossuary)
205 creatures vanquished.

Vanquished Creatures (others)
  5 plants (D:1)
5 creatures vanquished.

Grand Total: 210 creatures vanquished

Notes
Turn   | Place    | Note
-------+----------+-------------------------------------------
     0 | D:1      | mandarbmax the Formicid Fighter began the quest for the
                  | Orb.
     0 | D:1      | Reached XP level 1. HP: 18/18 MP: 1/1
    50 | D:1      | Reached skill level 4 in Shields
    74 | D:1      | Reached XP level 2. HP: 21/24 MP: 2/2
   631 | D:1      | Reached XP level 3. HP: 25/29 MP: 3/3
  1284 | D:2      | Noticed Jessica
  1294 | D:2      | Killed Jessica
  1295 | D:2      | Reached skill level 5 in Shields
  1295 | D:2      | Reached XP level 4. HP: 33/35 MP: 4/4
  2382 | D:3      | Reached XP level 5. HP: 39/41 MP: 5/5
  3046 | D:4      | Reached skill level 6 in Shields
  3154 | D:4      | Noticed an ogre
  3163 | D:4      | Killed an ogre
  3164 | D:4      | Reached XP level 6. HP: 14/47 MP: 6/6
  3517 | D:4      | Noticed a black bear
  3534 | D:4      | Killed a black bear
  3535 | D:4      | Reached skill level 7 in Shields
  3958 | D:5      | Entered Level 5 of the Dungeon
  3970 | D:5      | Reached XP level 7. HP: 52/52 MP: 7/7
  4092 | D:5      | Reached skill level 8 in Shields
  4155 | D:5      | Found a sand-covered staircase.
  4167 | Ossuary  | Entered an ossuary
  4520 | Ossuary  | Reached skill level 5 in Staves
  4520 | Ossuary  | Reached XP level 8. HP: 38/58 MP: 8/8
  4528 | Ossuary  | Reached skill level 9 in Shields
  5156 | D:6      | Reached skill level 10 in Shields
  5266 | D:6      | Reached XP level 9. HP: 64/64 MP: 9/9
  5312 | D:6      | Reached skill level 11 in Shields
  5537 | D:7      | Found a runed translucent gate.
  5537 | D:7      | Found a runed translucent gate.
  5537 | D:7      | Found a runed translucent gate.
  5537 | D:7      | Noticed Spectrina's ghost (novice DEMo)
  5544 | D:7      | Identified the +8 chain mail of Youthful Indiscretion
                  | {rCorr}
  6434 | D:7      | Noticed a hornet
  6450 | D:7      | Killed a hornet
  6751 | D:7      | Noticed Prince Ribbit
  6794 | D:7      | Found a staircase to the Ecumenical Temple.
  6808 | Temple   | Entered the Ecumenical Temple
  6889 | Temple   | Became a worshipper of Ru the Awakened
  7014 | D:7      | Killed Prince Ribbit
  7015 | D:7      | Reached skill level 5 in Armour
  7015 | D:7      | Reached XP level 10. HP: 53/70 MP: 10/10
  7481 | D:8      | Noticed a two-headed ogre
  7529 | D:8      | Killed a two-headed ogre
  7530 | D:8      | Reached skill level 12 in Shields
  7815 | D:8      | Noticed a gargoyle
  7988 | D:8      | Noticed a two-headed ogre
  8004 | D:8      | Killed a two-headed ogre
  8678 | D:8      | Noticed Psyche
  8697 | D:8      | Killed Psyche
  8698 | D:8      | Reached skill level 10 in Staves
  9124 | D:8      | Reached XP level 11. HP: 58/75 MP: 11/11
  9709 | D:8      | Gained mutation: Your cowardice makes you less effective in
                  | combat with threatening monsters. [Ru sacrifice]
  9709 | D:8      | Reached * piety under Ru
  9790 | D:9      | Noticed a rakshasa
  9851 | D:9      | HP: 3/75 [gnoll sergeant (1)]
  9861 | D:9      | Slain by a gnoll sergeant

Illustrated notes

Levels and vault maps discovered:
D:1:      amcnicky_arrival_double_pillar, layout_basic, minmay_lizard_king
D:2:      cheibrodos_helix_gallery, layout_basic, minmay_between, uniq_jessica
D:3:      layout_basic
D:4:      layout_loops_ring, kennysheep_diamond, item_on_display_a
D:5:      layout_rooms, nicolae_ossuary_entry_monument
D:6:      layout_rooms
D:7:      layout_cave_pools, minmay_temple_entry_offerings,
          biasface_ghost_orc_armoury, uniq_prince_ribbit1
D:8:      layout_basic, special_room [special_room_orc],
          hangedman_decor_slide_cut, uniq_psyche
D:9:      layout_roguey, orc_0_dummy, hellmonk_ghost_happy_afterlife,
          enter_bailey_7, minmay_diamond_spiral
Temple:   compressed_dpeg_circular_temple

Skill      XL: |  1  2  3  4  5  6  7  8  9 10 |
---------------+-------------------------------+-----
Shields        | 4 5 6 7 8 10 11 12 | 12.9
Staves         | 3 4 5 6 8 10 | 10.9
Armour         | 5 7 |  7.6
Fighting       | |  3.2

Action                   |  1- 3 |  4- 6 |  7- 9 | 10-12 || total
-------------------------+-------+-------+-------+-------++-------
Melee: Quarterstaff      |   108 |   129 |   369 |   300 ||   906
Throw: Boomerang         |       |     5 |    21 |    44 ||    70
       Dart              |       |     4 |       |     4 ||     8
Invok: Sacrifice Courage |       |       |       |     1 ||     1
 Abil: Dig               |     1 |     1 |     4 |     4 ||    10
Evoke: Wand              |       |       |       |    11 ||    11
  Use: Potion            |       |     1 |       |     7 ||     8
       Scroll            |       |       |     8 |     4 ||    12
 Stab: Paralysed         |       |       |       |     5 ||     5
       Invisible         |       |       |       |     2 ||     2
       Distracted        |       |       |       |     1 ||     1
Armor: Scale mail        |    34 |    13 |       |       ||    47
       Chain mail        |       |    48 |   132 |    20 ||   200
       Plate armour      |       |       |       |    92 ||    92
Dodge: Dodged            |    39 |    35 |    86 |    66 ||   226
Block: Kite shield       |    58 |    79 |   171 |   166 ||   474
